 Dungeon Crawl Stone Soup version 0.29.0-5-ge4962eb29e (webtiles) character file.

Game seed: 15752937929109117646

143 greasedhog the Shooter (level 5, -2/34 HPs)
             Began as a Gargoyle Hunter on Aug 29, 2022.
             Was an Initiate of Hepliaklqana.
             Killed by divine providence
             ... invoked by an orc priest
              (10 damage)
             ... on level 4 of the Dungeon.
             The game lasted 00:03:20 (1777 turns).

greasedhog the Shooter (Gargoyle Hunter)            Turns: 1777, Time: 00:03:21

Health: -2/34      AC: 12    Str: 23    XL:     5   Next: 25%
Magic:  5/5        EV: 12    Int: 10    God:    Hepliaklqana [......]
Gold:   165        SH:  0    Dex: 15    Spells: 4/4 levels left

rFire   . . .      SeeInvis .   a - +0 shortbow
rCold   . . .      Faith    .   (shield currently unavailable)
rNeg    + . .      Spirit   .   g - +3 leather armour of a bailey {Str+3}
rPois   ∞          Reflect  .   i - +2 hat
rElec   +          Harm     .   (no cloak)
rCorr   .          Rampage  .   (no gloves)
Will    .....                   (no boots)
Stlth   ++........              (no amulet)
HPRegen 0.11/turn               d - +6 ring of strength
MPRegen 0.09/turn               (no ring)

@: no status effects
A: sickness immunity, AC +4, negative energy resistance 1, electricity
resistance, torment resistance 1, petrification resistance
a: Renounce Religion


You were on level 4 of the Dungeon.
You worshipped Hepliaklqana.
Hepliaklqana was noncommittal.
You visited 1 branch of the dungeon, and saw 4 of its levels.

You collected 165 gold pieces.

Inventory:

Hand Weapons
 a - a +0 shortbow (weapon)
Armour
 g - the +3 leather armour of a bailey (worn) {Str+3}
   (You found it on level 3 of the Dungeon)

   Str:       It affects your strength (+3).
 i - a +2 hat (worn)
Jewellery
 d - a +6 ring of strength (left hand)
Scrolls
 b - 2 scrolls of immolation
 h - 3 scrolls of enchant weapon
 m - a scroll of blinking
 n - a scroll of fear
 o - a scroll of identify
Potions
 c - 2 potions of haste {unknown}
 e - a potion of mutation {unknown}
 f - 2 potions of lignification {unknown}
 j - a potion of degeneration {unknown}
 k - a potion of cancellation {unknown}
 l - a potion of might {unknown}


   Skills:
 * Level 4.3 Fighting
 * Level 5.3 Ranged Weapons
 - Level 1.5 Dodging
 - Level 1.1 Stealth


You had 4 spell levels left.
You didn't know any spells.
Your spell library was empty.

Dungeon Overview and Level Annotations

Branches:
Dungeon (4/15)
 Temple: D:4-7

Altars:
Hepliaklqana

Annotations:
D:4 Grinder


Innate Abilities, Weirdness & Mutations

You are immune to sickness and miasma.
Your stone body is resilient. (AC +4)
You are immune to poison.
You resist negative energy. (rN+)
You are resistant to electric shocks. (rElec)
You are resistant to unholy torment.
You are immune to petrification.


Message History

The orc wizard is moderately wounded.
The orc wizard hits you but does no damage. x2
Unknown command.
Non-targeted confused fire: a) +0 shortbow
Press: ? - help, Q - select action Dir - look around, f - activate You shoot an arrow.
The arrow hits the orc wizard but does no damage.
The orc wizard is moderately wounded.
The orc wizard mumbles some strange words.
The orc wizard flickers and vanishes!
Deactivating autopickup; reactivate with Ctrl-A.
The orc wizard barely misses you.
Unknown command.
Non-targeted confused fire: a) +0 shortbow
Press: ? - help, Q - select action Dir - look around, f - activate You shoot an arrow.
Something hits you. Grinder gestures at you.
The orc wizard hits you with a +0 dagger of venom.
Non-targeted confused fire: a) +0 shortbow
Press: ? - help, Q - select action Dir - look around, f - activate You shoot an arrow.
Grinder gestures at you.
Something writhes in agony!
Something hits you but does no damage.
The orc wizard hits you but does no damage.
Something hits you.
The orc priest calls down the wrath of Beogh upon you.
Beogh smites you!
* * * LOW HITPOINT WARNING * * *
The orc wizard misses you.
Non-targeted confused fire: a) +0 shortbow
Press: ? - help, Q - select action Dir - look around, f - activate You shoot an arrow.
You feel less confused. Something hits you.
* * * LOW HITPOINT WARNING * * *
The orc wizard closely misses you.
The orc priest mumbles some strange prayers to Beogh against you.
Beogh smites you!
You die...

####+#####
.........#
##........#
+.........#
#..........
#.........# +##+
#.........# #..#
#.#o#########..#
#.#@{5o.....#..#
###'#########†'..+
##..........##.#..#
#.......###.##.#..#
#.....#.# #.##.#.)#
#.....#.#
#.##)'##)#
#.....#<#
#.##.#.....#
#.....###
#.##.#...o.#
#.....#
#.##.###'##'#


You could see Grinder, an orc priest and an orc wizard.

Vanquished Creatures
  A jelly (D:3)
  Jessica (D:2)
  2 adders
  4 dart slugs
  4 orcs (D:4)
  4 endoplasms
  6 giant cockroaches
  6 goblins
  4 hobgoblins
  5 kobolds
  4 ball pythons
  5 bats
  2 frilled lizards (D:1)
  7 rats
55 creatures vanquished.

Notes
Turn   | Place    | Note
-------+----------+-------------------------------------------
     0 | D:1      | greasedhog the Gargoyle Hunter began the quest for the Orb.
     0 | D:1      | Reached XP level 1. HP: 12/12 MP: 1/1
    28 | D:1      | Reached XP level 2. HP: 18/18 MP: 2/2
   292 | D:1      | Reached XP level 3. HP: 23/23 MP: 3/3
   438 | D:2      | Noticed Jessica
   444 | D:2      | Killed Jessica
   556 | D:2      | Reached XP level 4. HP: 29/29 MP: 4/4
   562 | D:2      | Identified the +1 scale mail of Gesif {rF- Str+4}
   590 | D:2      | Found a faded altar of an unknown god.
  1191 | D:3      | Reached skill level 5 in Ranged Weapons
  1283 | D:3      | Identified the +3 leather armour of a bailey {Str+3}
  1339 | D:3      | Reached XP level 5. HP: 33/33 MP: 5/5
  1478 | D:3      | Found a hazy altar of Hepliaklqana.
  1495 | D:3      | Became a worshipper of Hepliaklqana the Forgotten
  1732 | D:4      | Noticed Grinder
  1777 | D:4      | Killed from afar by an orc priest

Illustrated notes

Levels and vault maps discovered:
D:1:      saegor_arrival_simple_a, layout_rooms, minmay_tromino_v7
D:2:      layout_rooms, ebering_ecumenical_altar_abandoned, uniq_jessica
D:3:      layout_rooms, nicolae_overflow_crystal_walls,
          kennysheep_generic_room_13
D:4:      layout_basic, mainiacjoe_overflow_24_doors, yredelemnul_altar_generic,
          kennysheep_slug_shrine, minmay_temple_entry_mist, enter_ossuary_2,
          nrook_uturn, uniq_grinder

Skill      XL: |  1  2  3  4 |
---------------+-------------+-----
Fighting       | 3 4 |  4.3
Ranged Weapons | 5 |  5.3
Dodging        | |  1.5
Stealth        | |  1.1

Action                   |  1- 3 |  4- 6 || total
-------------------------+-------+-------++-------
Melee: Shortbow          |       |     1 ||     1
 Fire: Shortbow          |    61 |    94 ||   155
  Use: Scroll            |       |     6 ||     6
Armor: Leather armour    |     8 |    26 ||    34
Dodge: Dodged            |    11 |    23 ||    34
